AoeStats
← Hueso-carp

Arena

511018419Analyzed
4v4 RM · 12h ago on Oct 3, 2026· 18m 58s· 8 players
Game mode
Random Map
Map size
Large (8 player)
Population
200
Speed
Normal
Resources
Standard
Victory
Conquest
Starting age
Dark Age
Ending age
Imperial Age
RankedLock teamsTeams togetherTeam positionsShared explorationLock speedFull tech treeHidden civsTurbo modeCheats
Victory
Defeat
🇷🇺 Franks · Russia
901
+15
🇩🇪 Spanish · Germany
857
+16
🇸🇪 Italians · Sweden
799
+19
🇩🇪 Celts · Germany
764
+20
🇨🇳 Britons · China
933
-20
🇦🇷 Celts · Argentina
914
-20
🇨🇳 Turks · China
818
-16
🇯🇵 Japanese · Japan
788
-14
xZeyyy
10:36 Feudal Age
11:02 Double-Bit Axe
17:40 Castle Age
15:58 Stone Mining
16:35 Loom
17:31 Wheelbarrow
17:12 Horse Collar
Ragnar Blood River
12:10 Feudal Age
10:26 Loom
19:59 Castle Age
rani
11:28 Feudal Age
15:10 Castle Age
17:14 Fletching
ZyM_KaS
5:59 Loom
10:47 Feudal Age
11:33 Double-Bit Axe
13:14 Wheelbarrow
16:56 Castle Age
18:04 Bow Saw
ogipochi_
10:35 Feudal Age
8:50 Loom
12:00 Wheelbarrow
11:17 Horse Collar
11:25 Double-Bit Axe
11:33 Gold Mining
11:35 Stone Mining
11:39 Gold Mining
11:46 Gold Mining
17:23 Castle Age
16:28 Man-at-Arms
Hueso-carp
0:36 Loom
12:35 Feudal Age
17:42 Castle Age
16:07 Horse Collar
17:33 Double-Bit Axe
白鳳仙子
2:35 Loom
10:48 Feudal Age
12:39 Wheelbarrow
16:07 Castle Age
14:33 Double-Bit Axe
15:07 Stone Mining
16:00 Horse Collar
18:24 Bow Saw
gongyi528
13:18 Feudal Age
11:34 Loom
13:54 Double-Bit Axe
14:00 Gold Mining
14:32 Horse Collar
Connection lost

Rejoining the realm…

Still unreachable

The connection could not be restored.

Session expired

The server has moved on; the page needs a fresh start.